 Dungeon Sprint DCSS version 0.30-a0-52-g86a8295270 (webtiles) character file.

Game seed: 8829129598956290025

1183 rocky1 the Carver (level 8, -2/71 HPs)
             Began as a Merfolk Gladiator on Sept 7, 2022.
             Was an Initiate of Gozag.
             Slain by a deep troll (4 damage)
             ... in the Dungeon (Sprint VII: "The Pits").
             The game lasted 00:04:17 (1034 turns).

rocky1 the Carver (Merfolk Gladiator)               Turns: 1034, Time: 00:04:18

Health: -2/71      AC: 10    Str: 15    XL:     8   Next: 42%
Magic:  8/8        EV: 17    Int:  7    God:    Gozag
Gold:   207        SH:  0    Dex: 17    Spells: 7/7 levels left

rFire   . . .      SeeInvis .    a - +8 falchion of the Leaping Gods {vorpal, rElec rCorr}
rCold   . . .      Faith    .    (no shield)
rNeg    . . .      Spirit   .    p - +3 ring mail
rPois   .          Reflect  .    c - +0 helmet
rElec   +          Harm     .    (no cloak)
rCorr   +          Rampage  .    (no gloves)
Will    .....      NoTele   +    (no boots)
Stlth   +.........               (no amulet)
HPRegen 0.21/turn                (no ring)
MPRegen 0.11/turn                (no ring)

@: no status effects
A: (nimble swimmer 2), mertail
a: Renounce Religion, Potion Petition, Call Merchant, Bribe Branch


You were in the Dungeon.
You worshipped Gozag.
Gozag was aware of your devotion.
You visited 1 branch You collected 1512 gold pieces.
You spent 686 gold pieces at shops.
You paid 619 gold pieces to Gozag.

Inventory:

Hand Weapons
 a - the +8 falchion of the Leaping Gods (weapon) {vorpal, rElec rCorr}
   (You bought it in a shop in the Dungeon)

   It inflicts extra damage upon your enemies.
   rElec:     It insulates you from electricity.
   rCorr:     It protects you from acid and corrosion.
 b - the +8 arbalest "Gidereh" {vorpal, Str+4 Int+5}
   (You bought it in a shop in the Dungeon)

   Any ammunition fired from it inflicts extra damage upon your enemies.
   Str:       It affects your strength (+4).
   Int:       It affects your intelligence (+5).
 o - a +2 long sword of holy wrath
 r - a +2 scimitar of holy wrath
Missiles
 d - 3 throwing nets (quivered)
 e - a javelin
Armour
 c - a +0 helmet (worn)
 p - a +3 ring mail (worn)
 q - a +0 leather armour
Scrolls
 k - a scroll of blinking
 m - 5 scrolls of amnesia
 n - a scroll of summoning
Potions
 f - 6 potions of curing
 g - 6 potions of heal wounds
 h - a potion of haste
 i - 5 potions of magic
 j - 3 potions of berserk rage
 l - 2 potions of invisibility


   Skills:
 + Level 9.2 Fighting
 + Level 13.9 Long Blades
 + Level 1.0 Ranged Weapons
 - Level 2.0 Throwing
 + Level 6.1 Armour
 + Level 11.3 Dodging


You had 7 spell levels left.
You didn't know any spells.
Your spell library was empty.

Dungeon Overview and Level Annotations

Branches:
Dungeon (1/1)

Altars:
Ashenzari
Cheibriados
Dithmenos
Elyvilon
Fedhas
Gozag
Hepliaklqana
Kikubaaqudgha
Makhleb
Nemelex Xobeh
Okawaru
Qazlal
Ru
Sif Muna
Trog
Uskayaw
Vehumet
Wu Jian
Xom
Yredelemnul
Zin
The Shining One
Jiyva
Lugonu

Shops:
D (


Innate Abilities, Weirdness & Mutations

((You are very nimble when in or above water. (Stealth+, EV+, Speed+++)))
Your lower body shifts to a powerful aquatic tail in water.


Message History

You shoot a bolt. The bolt hits the deep troll!
The deep troll is severely wounded.
a - the +8 falchion of the Leaping Gods (weapon)
{vorpal, rElec rCorr} Unknown command.
Okay, then.
You slash the deep troll!
The deep troll is almost dead.
The deep troll bites you but does no damage.
The deep troll claws you! The deep troll claws you.
The orc warrior attacks as you move away!
The orc warrior unwields a +0 arbalest.
The orc warrior wields a +0 dire flail.
The orc warrior barely misses you.
The orc warrior attacks as you move away!
The orc warrior closely misses you.
The deep troll completely misses you. x2
The deep troll claws you!
The orc warrior unwields a +0 dire flail.
The orc warrior wields a +0 arbalest.
The orc warrior shoots a bolt.
The bolt misses you.
The orc warrior shoots a bolt.
The bolt hits you!
The deep troll attacks as you move away!
The deep troll barely misses you. The deep troll closely misses you.
The deep troll claws you but does no damage.
The orc throws a boomerang.
The boomerang misses you.
The orc knight roars a battlecry!
The orc warrior goes into a battle-frenzy!
The orc throws a boomerang.
The boomerang closely misses you.
The orc throws a boomerang.
The boomerang completely misses you.
There is an open door here.
The deep troll attacks as you move away!
The deep troll barely misses you. The deep troll closely misses you.
The deep troll completely misses you.
You hit the deep troll.
The deep troll is severely wounded.
The deep troll bites you!
* * * LOW HITPOINT WARNING * * *
The deep troll claws you!
* * * LOW HITPOINT WARNING * * *
The deep troll claws you.
You die...
Your body crumbles into a pile of gold.

#...........'.....
#'#####'#####.....
#.#..#..#[.##.....
#.#..)..#))#####'#
#.#..####))##.....
#.#..#..#))##.....
#.#..#..#..##.....
#)##'#..#'###...<.
#@#........##.....
#T#........##.....
#'###########.....
#o......#..#######
#...#...#∩# ####
#o..#...#.#....#
#.##.##.#'#o.o.#
#oo.#...#o'oooT+
#.).#...#'#.o..#


You could see an orc knight, a deep troll, 2 orc warriors and an orc wizard
(strong).

Vanquished Creatures
  Grinder (D)
  A shadow (D)
  An ice beast (D)
  An orc warrior (D)
  A sky beast (D)
  An ogre (D)
  2 phantoms (D)
  A scorpion (D)
  3 necrophages (D)
  An iguana (D)
  A mummy (D)
  An adder (D)
  An adder zombie (D)
  An adder skeleton (D)
  2 orcs (D)
  A bat (D)
  2 giant cockroaches (D)
  2 rats (D)
24 creatures vanquished.

Notes
Turn   | Place    | Note
-------+----------+-------------------------------------------
     0 | D        | rocky1 the Merfolk Gladiator began the quest for the Orb.
     0 | D        | Reached XP level 1. HP: 16/16 MP: 1/1
    17 | D        | Reached skill level 4 in Long Blades
    17 | D        | Reached skill level 1 in Armour
    17 | D        | Reached XP level 2. HP: 23/23 MP: 2/2
    21 | D        | Found a bloodstained altar of Trog.
    21 | D        | Found a shimmering blue altar of Sif Muna.
    21 | D        | Found a viscous altar of Jiyva.
    21 | D        | Found a hazy altar of Hepliaklqana.
    21 | D        | Found an opulent altar of Gozag.
    22 | D        | Found a glowing golden altar of the Shining One.
    22 | D        | Found a glowing silver altar of Zin.
    22 | D        | Found a basalt altar of Yredelemnul.
    22 | D        | Found a shimmering altar of Xom.
    22 | D        | Found an ornate altar of the Wu Jian Council.
    22 | D        | Found a sacrificial altar of Ru.
    22 | D        | Found a stormy altar of Qazlal.
    22 | D        | Found an iron altar of Okawaru.
    22 | D        | Found a sparkling altar of Nemelex Xobeh.
    22 | D        | Found a burning altar of Makhleb.
    22 | D        | Found a blossoming altar of Fedhas.
    22 | D        | Found a white marble altar of Elyvilon.
    22 | D        | Found a shadowy altar of Dithmenos.
    22 | D        | Found a snail-covered altar of Cheibriados.
    24 | D        | Found a radiant altar of Vehumet.
    24 | D        | Found a corrupted altar of Lugonu.
    25 | D        | Found a hide-covered altar of Uskayaw.
    25 | D        | Found an ancient bone altar of Kikubaaqudgha.
    25 | D        | Found a broken altar of Ashenzari.
    29 | D        | Became a worshipper of Gozag Ym Sagoz the Greedy
    74 | D        | Reached skill level 5 in Long Blades
   174 | D        | Noticed a scorpion
   181 | D        | Killed a scorpion
   182 | D        | Reached skill level 7 in Long Blades
   182 | D        | Reached XP level 3. HP: 29/31 MP: 3/3
   182 | D        | Reached XP level 4. HP: 35/38 MP: 4/4
   312 | D        | Noticed a necrophage
   322 | D        | Killed a necrophage
   323 | D        | Reached skill level 5 in Fighting
   323 | D        | Reached skill level 8 in Long Blades
   323 | D        | Reached XP level 5. HP: 32/44 MP: 5/5
   466 | D        | Noticed a phantom
   481 | D        | Killed a phantom
   482 | D        | Reached skill level 9 in Long Blades
   482 | D        | Reached XP level 6. HP: 40/52 MP: 6/6
   488 | D        | Reached skill level 10 in Long Blades
   598 | D        | Reached skill level 11 in Long Blades
   732 | D        | Noticed a sky beast
   742 | D        | Killed a sky beast
   743 | D        | Reached XP level 7. HP: 43/60 MP: 7/7
   830 | D        | Noticed a shadow
   836 | D        | Killed a shadow
   837 | D        | Reached skill level 12 in Long Blades
   837 | D        | Reached skill level 5 in Armour
   837 | D        | Reached skill level 10 in Dodging
   937 | D        | Noticed Grinder
   948 | D        | Killed Grinder
   949 | D        | Reached skill level 13 in Long Blades
   949 | D        | Reached XP level 8. HP: 70/70 MP: 8/8
   980 | D        | Bought an iridescent falchion for 224 gold pieces
   980 | D        | Identified the +8 falchion of the Leaping Gods {vorpal,
                  | rElec rCorr} (You bought it in a shop in the Dungeon)
   980 | D        | Bought a scorched arbalest for 266 gold pieces
   980 | D        | Identified the +8 arbalest "Gidereh" {vorpal, Str+4 Int+5}
                  | (You bought it in a shop in the Dungeon)
   980 | D        | Bought a glowing scimitar for 196 gold pieces
   985 | D        | Noticed a deep troll
   985 | D        | Noticed an orc knight
  1018 | D        | Reached skill level 1 in Ranged Weapons
  1034 | D        | HP: 2/71 [deep troll (9)]
  1034 | D        | Slain by a deep troll

Illustrated notes

Levels and vault maps discovered:
D:        pitsprint [storerooms_1, entrance_room_1, metal_vault_4, armoury_3,
          mini_pit_1, grid_room_1, main_hall_1, silver_pit, the_coven_1,
          the_vestibule_1, steel_vault_5, golden_pit, hallway_of_sentries,
          crystal_vault_4, iron_vault_4, final_vault]

Skill      XL: |  1  2  3  4  5  6  7  8 |
---------------+-------------------------+-----
Long Blades    | 4 7 8 9 11 13 | 13.9
Armour         | 1 2 3 4 5 6 |  6.1
Fighting       | 4 5 6 7 8 9 |  9.2
Dodging        | 6 7 8 9 10 11 | 11.3
Ranged Weapons | 1 |  1.0
Throwing       | |  2.0

Action                   |  1- 3 |  4- 6 |  7- 9 || total
-------------------------+-------+-------+-------++-------
Melee: Long sword        |    20 |    55 |    23 ||    98
       Punch             |       |     1 |       ||     1
       Falchion          |       |       |     2 ||     2
 Fire: Arbalest          |       |       |     8 ||     8
Invok: Call Merchant     |       |       |     1 ||     1
Armor: Leather armour    |    12 |     4 |       ||    16
       Ring mail         |       |     4 |     3 ||     7
Dodge: Dodged            |    13 |    31 |    27 ||    71

Table legend: (Time is in decaauts)
 A = Elapsed time spent in this place.
 B = Non-inter-level travel time spent in this place.
 C = Inter-level travel time spent in this place.
 D = Time resting spent in this place.
 E = Time spent auto-exploring this place.
 F = Levels seen in this place.
 G = Mean time per level.
                   A        B        C        D        E       F      G
               +--------+--------+--------+--------+--------+-----+--------+
         Total |   1033 |   1011 |     22 |    671 |      0 |   1 | 1033.0 |
       Dungeon |   1033 |   1011 |     22 |    671 |      0 |   1 | 1033.0 |
               +--------+--------+--------+--------+--------+-----+--------+

Top non-repeatable levels by time:
       D: 1033 daAuts
